 Dungeon Crawl Stone Soup version 0.30-a0-553-g7fabdf1491 (webtiles) character file.

Game seed: 5049138595431347849

537659 Monkooky the Pyromancer (level 25, 0/218 (236) HPs)
             Began as a Naga Conjurer on Dec 23, 2022.
             Was the Champion of Ru.
             Killed themself with a badly aimed great blast of fire (64 damage)
             ... on level 5 of the Realm of Zot on Dec 26, 2022.
             The game lasted 04:13:24 (78794 turns).

Monkooky the Pyromancer (Naga Conjurer)            Turns: 78794, Time: 04:13:24

HP:   0/218 (236)   AC: 34    Str: 10    XL:     25   Next: 87%
MP:   10/41         EV: 11    Int: 32    God:    Ru [******]
Gold: 3313          SH:  0    Dex: 17    Spells: 5/52 levels left

rFire   + . .      SeeInvis +    J - staff of fire
rCold   . . .      Faith    .    (shield unavailable)
rNeg    . . .      Spirit   .    K - +5 steam dragon scales
rPois   +          Reflect  .    s - +0 helmet
rElec   .          Harm     .    n - +3 cloak "Wakenk" {Rampage Int+4 Dex+3}
rCorr   .          Rampage  +    y - +2 pair of gloves
Will    ++++.                    e - +4 barding {Stlth+}
Stlth   +++++++                  A - amulet of magic regeneration
HPRegen 0.56/turn                (ring unavailable)
MPRegen 0.67/turn                k - ring of wizardry

@: very slightly contaminated, drained, unable to read, very slow
A: AC +8, large, see invisible, deformed body, poison resistance, slowness 2,
spit poison 1, no potion heal 1, missing a hand, inability to use devices, no
earth magic, no necromancy magic, no transmutations magic, naga tail 2, agile 1,
strong-willed 1, evolution 1, inability to read after injury 2
}: 3/15 runes: decaying, serpentine, silver
a: Spit Poison, Renounce Religion, Draw Out Power, Power Leap, Apocalypse


You were on level 5 of the Realm of Zot.
You worshipped Ru.
Ru was exalted by your worship.
You visited 9 branches of the dungeon, and saw 47 of its levels.
You visited the Abyss 1 time.
You visited 1 bazaar.
You also visited: Ossuary and Ice Cave.

You collected 6886 gold pieces.
You spent 3573 gold pieces at shops.

Inventory:

Hand Weapons
 m - a +2 dagger of venom
Missiles
 h - 21 curare-tipped darts
 Z - 7 throwing nets
Armour
 e - a +4 barding of stealth (worn)
 n - the +3 cloak "Wakenk" (worn) {Rampage Int+4 Dex+3}
   (You found it on level 2 of the Snake Pit)

   Int:       It affects your intelligence (+4).
   Dex:       It affects your dexterity (+3).
   Rampage:   It bestows one free step when moving towards enemies.
 s - a +0 helmet (worn)
 y - a +2 pair of gloves (worn)
 K - +5 steam dragon scales (worn)
 Y - the +1 helmet of the Red Stag {rElec Int-4 Dex+4 Stlth+}
   (You found it on level 1 of the Snake Pit)

   Int:       It affects your intelligence (-4).
   Dex:       It affects your dexterity (+4).
   rElec:     It insulates you from electricity.
   Stlth:     It makes you more stealthy.
Magical Staves
 x - a staff of air
 C - a staff of death
 J - a staff of fire (weapon)
 X - a staff of cold
Jewellery
 a - a ring of ice
 k - a ring of wizardry (right hand)
 o - the ring "Kits" {rElec rC+ Will++ Str-3 Dex+3}
   (You found it on level 5 of the Vaults)

   [ring of protection from cold]

   Str:       It affects your strength (-3).
   Dex:       It affects your dexterity (+3).
   rC:        It protects you from cold.
   rElec:     It insulates you from electricity.
   Will:      It greatly increases your willpower.
 p - a +4 ring of evasion
 q - a +4 ring of evasion
 A - an amulet of magic regeneration (around neck)
 G - a ring of fire
 M - a +4 ring of protection
 N - the ring "Gowila Caed" {Will+ MP-9 Dex+4 SInv}
   (You took it off a deep elf elementalist on level 3 of the Elven Halls)

   [ring of see invisible]

   Dex:       It affects your dexterity (+4).
   MP:        It affects your magic capacity (-9).
   SInv:      It lets you see invisible.
   Will:      It increases your willpower.
 R - the ring "Zapemp" {rF+ Dex+6}
   (You took it off an ironbound convoker on level 5 of the Vaults)

   [ring of dexterity]

   Dex:       It affects your dexterity (+6).
   rF:        It protects you from fire.
 T - a ring of willpower
 U - a ring of positive energy
Scrolls
 d - 21 scrolls of teleportation
 i - 11 scrolls of blinking
 l - 9 scrolls of fog
 t - 3 scrolls of torment
 u - 10 scrolls of fear
 D - 10 scrolls of immolation
 E - 6 scrolls of summoning
 F - 6 scrolls of vulnerability
 I - 4 scrolls of amnesia
 L - 6 scrolls of poison
 W - 4 scrolls of silence
Potions
 b - 2 potions of ambrosia
 c - 10 potions of mutation
 f - 23 potions of curing
 g - 5 potions of cancellation
 j - 12 potions of flight
 r - 10 potions of might
 v - 9 potions of lignification
 w - 11 potions of heal wounds
 z - 7 potions of brilliance
 B - 16 potions of haste
 H - 3 potions of berserk rage
 O - 3 potions of attraction
 P - 3 potions of invisibility
 Q - 5 potions of resistance


   Skills:
 - Level 16.1 Fighting
 - Level 11.1 Staves
 - Level 4.1 Armour
 - Level 6.0 Dodging
 - Level 16.0 Stealth
 + Level 14.2 Spellcasting
 * Level 23.1 Conjurations
 - Level 9.1 Hexes
 - Level 10.0 Translocations
 * Level 23.1 Fire Magic
 - Level 18.5 Ice Magic


You had 5 spell levels left.
You knew the following spells:

 Your Spells              Type           Power      Damage    Failure   Level
a - Magic Dart            Conj           100%       1d8       0%          1
b - Fire Storm            Conj/Fire      65%        8d16      6%          9
c - Ignition              Fire           65%        3d17      1%          8
d - Fulminant Prism       Conj/Hex       45%        3d21      1%          4
e - Fireball              Conj/Fire      65%        3d25      0%          5
f - Starburst             Conj/Fire      65%        6d17      0%          6
g - Ozocubu's Armour      Ice            96%        N/A       0%          3
h - Ozocubu's Refrigerat  Ice            48%        4d18      1%          7
j - Passage of Golubria   Tloc           72%        N/A       1%          4

Your spell library contained the following spells:

 Spells                   Type           Power      Damage    Failure   Level
 Foxfire                  Conj/Fire      100%       2x1d9     0%          1
 Freeze                   Ice            100%       1d10      0%          1
 Ensorcelled Hibernation  Hex/Ice        100%       N/A       0%          2
 Momentum Strike          Conj/Tloc      100%       3d10      0%          2
 Scorch                   Fire           100%       2d10      0%          2
 Searing Ray              Conj           100%       2d8       0%          2
 Dazzling Flash           Conj/Hex       100%       N/A       0%          3
 Frozen Ramparts          Ice            100%       1d16      0%          3
 Hailstorm                Conj/Ice       100%       3d20      0%          3
 Inner Flame              Hex/Fire       100%       N/A       0%          3
 Flame Wave               Conj/Fire      100%       2d21      0%          4
 Iskenderun's Mystic Bla  Conj/Tloc      91%        2d18      0%          4
 Sticky Flame             Conj/Fire      100%       2d11      0%          4
 Iskenderun's Battlesphe  Conj           100%       2d15      0%          5
 Blink                    Tloc           100%       N/A       1%          2
 Poisonous Vapours        Pois/Air       44%        N/A       1%          2
 Gell's Gravitas          Tloc           72%        N/A       1%          3
 Kindle Blastsparks       Fire/Tloc/Air  100%       2d18      1%          3
 Lesser Beckoning         Tloc           100%       N/A       1%          3
 Mephitic Cloud           Conj/Pois/Air  64%        N/A       1%          3
 Portal Projectile        Hex/Tloc       100%       N/A       1%          3
 Teleport Other           Tloc           72%        N/A       1%          3
 Tukima's Dance           Hex            69%        N/A       1%          3
 Cause Fear               Hex            34%        N/A       1%          4
 Manifold Assault         Tloc           72%        N/A       1%          4
 Summon Ice Beast         Ice/Summ       70%        N/A       1%          4
 Lightning Bolt           Conj/Air       38%        1d57      1%          5
 Swiftness                Air            22%        N/A       2%          3
 Summon Forest            Summ/Tloc      26%        N/A       2%          5
 Silence                  Hex/Air        25%        N/A       3%          5
 Summon Mana Viper        Hex/Summ       51%        N/A       3%          5
 Airstrike                Air            11%        2d(2-18)  9%          4
 Olgreb's Toxic Radiance  Pois           22%        N/A       9%          4
 Summon Lightning Spire   Summ/Air       22%        N/A       9%          4
 Conjure Ball Lightning   Conj/Air       38%        3x3d12    1%          6
 Dispersal                Tloc           36%        N/A       1%          6
 Enfeeble                 Hex            34%        N/A       16%         7
 Summon Cactus Giant      Summ           11%        N/A       73%         6
 Discord                  Hex            34%        N/A       73%         8
 Monstrous Menagerie      Summ           11%        N/A       99%         7
 Chain Lightning          Conj/Air       38%        3d51      99%         9
 Maxwell's Capacitive Co  Air            11%        ∞         100%        8
 Dragon's Call            Summ           11%        N/A       100%        9
 Kiss of Death            Conj/Necr      Unusable   2d13      N/A         1
 Cigotuvi's Dreadful Rot  Necr/Pois/Air  Unusable   N/A       N/A         2
 Passwall                 Tmut/Erth      Unusable   N/A       N/A         2
 Yara's Violent Unravell  Hex/Tmut       Unusable   3d11      N/A         5
 Agony                    Necr           Unusable   N/A       N/A         5
 Blade Hands              Tmut           Unusable   N/A       N/A         5
 Dragon Form              Tmut           Unusable   N/A       N/A         7
 Storm Form               Tmut/Air       Unusable   N/A       N/A         7
 Shatter                  Erth           Unusable   3d12*     N/A         9

Dungeon Overview and Level Annotations

Branches:
Dungeon (15/15)              Lair (5/5) D:8           Swamp (4/4) Lair:3
  Snake (4/4) Lair:2        Slime (0/5) Lair:4          Orc (2/2) D:12
    Elf (3/3) Orc:2        Vaults (5/5) D:14          Crypt (0/3) Vaults:2
 Depths (4/4) D:15            Zot (5/5) Depths:4    Ossuary (visited)
  IceCv (visited)
 Temple: D:4-7

Altars:
Ashenzari
Cheibriados
Dithmenos
Elyvilon
Fedhas
Hepliaklqana
Makhleb
Nemelex Xobeh
Okawaru
Qazlal
Ru
Sif Muna
Uskayaw
Xom
Yredelemnul
Zin
Jiyva

Shops:
D:8 (   D:10 *   D:11 *   Orc:2 =*?*   Elf:1 ?   Snake:2 =:=[   Vaults:4 :[:

Portals:
Hell: Depths:1 Depths:2 Depths:3 Depths:4
Abyss: Depths:3
Pandemonium: Depths:1 Depths:2
Ziggurat: Depths:3

Annotations:
D:4 exclusion: 2 downstairs
D:7 exclusion: downstairs
D:12 exclusion: downstairs
Lair:1 exclusion: downstairs
Swamp:1 exclusion: 3 oklob plants
Swamp:3 Roxanne
Elf:2 3 runed translucent doors
Vaults:2 exclusion: door
Vaults:4 1 runed translucent door, Mycling's ghost, veteran DsFi
Depths:2 2 transporters, zishaf's ghost, veteran DjVM
Zot:1 2 exclusions, Parghit
Zot:2 exclusion: downstairs


Innate Abilities, Weirdness & Mutations

Your serpentine skin is tough. (AC +8)
You have supernaturally acute eyesight. (SInv)
Armour fits poorly on your strangely shaped body.
Your system is resistant to poisons. (rPois)
You cover ground very slowly.
You can spit poison.
Potions are less effective at restoring your health.
You are missing a hand.
You cannot study or use magical devices.
You cannot study or cast Earth magic.
You cannot study or cast Necromancy magic.
You cannot study or cast Transmutations magic.
You can use your snake-like lower body to constrict enemies.
You are agile. (Dex +4, Str/Int -1)
You are strong-willed. (Will+)
You have hidden genetic potential.
You sometimes lose the ability to read scrolls when taking damage.


Message History

A raging storm of fire appears!
The great blast of fire engulfs the orb of fire!!
The orb of fire partially resists.
The orb of fire is almost destroyed.
The great blast of fire engulfs you!! You partially resist.
You feel threatened and lose the ability to read scrolls!
You are engulfed in blazing flames.
You resist.
You hear a deafening roar!
X - a staff of cold (weapon)
The orb of fire glows deep purple.
The fireball explodes!
The fireball engulfs you!!!
The fireball engulfs the orb of fire.
The orb of fire completely resists.
You hear a deafening roar!
You catch the helpless orb of fire completely off-guard!
You hit the orb of fire but do no damage.
The orb of fire is almost destroyed.
You redirect the orb of fire's attack!
You barely miss the orb of fire.
The orb of fire is almost destroyed.
The orb of fire glows yellow.
The fireball explodes!
The fireball engulfs you!!
* * * LOW HITPOINT WARNING * * *
The fireball engulfs the orb of fire.
The orb of fire completely resists.
You hear a deafening roar!
J - a staff of fire (weapon)
You feel less exhausted.
Your fire vortex hits the orb of fire.
Your fire vortex dissipates!
Magic courses through your body.
The orb of fire begins to attack, but is stunned by your conviction!
Aiming: Fire Storm (dangerous; 6% risk of failure)
Press: ? - help, Q - select action, (/) - cycle Dir - move target, p - orb of fire You feel a surge of power!
That beam is likely to hit you.
Continue anyway?
A raging storm of fire appears!
The great blast of fire engulfs the orb of fire!!
The orb of fire partially resists.
You destroy the orb of fire!
The great blast of fire engulfs you!!! You partially resist.
You die...

,,,,,,,* #.........#,***
,,,,,,,**** #.........#+###
,,,,.,,,,,* #### *#.............
,,,,.v,,,,* #..# #.............
,,,,...,,,* #..# #.............
,,,<..D.,,* #.v# #.............
,,,,.vD°○,* #☼.# #.............
,,,,..v..v###☼☼#####.............
,,,,.vv...○☼°○°☼@..'.........?...
,,,,......###○######.............
,,,,.....,* #.# #......<......
,,,,....,,* #.# #.............
,,,,...,,,* #.# #.............
,,,,..,,,,* #.# #.............
****#**+*** #.#****##+#..........
*,* #..,,,,,,,#........⌠. *,*
*,*,******#.....?....


You could see a friendly fire vortex.

Vanquished Creatures
  3 orbs of fire
  Mara (Vaults:3)
  Vv (Zot:3)
  2 Killer Klowns (Zot:4)
  Margery (Depths:4)
  A curse toe (Zot:3)
  Saint Roka (Orc:2)
  5 golden dragons
  A bone dragon (Depths:4)
  An electric golem (Zot:2)
  Jorgrun (D:13)
  6 tentacled monstrosities
  3 titans
  A deep elf blademaster (Elf:3)
  A lich (Depths:4)
  10 quicksilver dragons
  A deep elf master archer (Elf:3)
  A walking frostbound tome (Depths:3)
  2 tentacled starspawn (Abyss:3)
  4 death cobs
  2 sphinxes
  6 thorn hunters
  5 tengu reavers
  4 draconian monks
  6 storm dragons
  Donald (Orc:2)
  5 nagarajas (Snake:4)
  4 fenstrider witches
  5 shadow dragons
  3 frost giants
  8 draconian knights
  4 fire giants
  2 iron dragons
  7 draconian scorchers
  Louise (D:15)
  5 deep elf sorcerers
  3 spectral caustic shrikes (Depths:2)
  A ghost moth (Zot:2)
  5 draconian shifters
  A balrug (Depths:1)
  Aizul (Vaults:2)
  12 vault wardens
  5 draconian annihilators
  5 deep elf elementalists (Elf:3)
  4 spriggan defenders
  20 ironbound preservers
  An orc warlord (Orc:2)
  3 ironbound thunderhulks
  A war gargoyle (Vaults:3)
  16 very ugly things
  3 draconian stormcallers
  4 eleionomae
  18 stone giants
  2 vampire knights
  Nessos (Lair:3)
  12 green draconians
  3 deep elf demonologists (Elf:3)
  8 deep elf annihilators
  8 bunyips
  11 black draconians
  14 purple draconians
  6 red draconians
  6 white draconians
  10 dire elephants
  8 yellow draconians
  Snorg (Lair:4)
  9 spark wasps
  11 fire dragons
  14 ettins
  6 deep elf high priests
  5 crystal guardians
  2 deep elf death magi (Elf:3)
  2 shambling mangroves
  11 yaktaur captains
  10 great orbs of eyes
  An ice dragon (shapeshifter) (Vaults:5)
  Fannar (D:11)
  28 vault guards
  4 salamander tyrants
  3 rakshasas
  11 ice dragons
  8 spriggan air magi
  4 catoblepae
  18 centaur warriors
  36 hydras
  Erica (D:8)
  5 ironbound frosthearts
  5 ogre magi
  A peacekeeper (Vaults:3)
  2 ghost crabs
  11 anacondas
  5 boulder beetles
  2 deep troll shamans
  4 alligators
  14 dancing weapons
  A spriggan skeleton (D:15)
  10 deep troll earth magi
  6 two-headed ogres
  20 death yaks
  2 orc high priests (Orc:2)
  18 naga warriors
  8 tengu warriors
  5 naga sharpshooters (Snake:4)
  A titan zombie (D:15)
  Sonja (Lair:4)
  8 hell knights
  10 spriggan berserkers
  2 sun demons
  5 deep elf knights
  7 shock serpents
  2 goliath frogs
  A sixfirhy (Abyss:3)
  4 iron trolls
  11 salamander mystics
  7 skeletal warriors (D:15)
  3 flayed ghosts
  7 spriggan druids
  7 naga ritualists
  2 glowing orange brains
  10 starcursed masses (Abyss:3)
  9 wizards
  3 bog bodies
  A swamp dragon (shapeshifter) (Vaults:2)
  10 lindwurms (Vaults:1)
  61 deep trolls
  7 swamp dragons
  3 deep elf archers
  21 ironbound convokers
  8 necromancers
  A phantasmal warrior (Vaults:5)
  9 orc knights
  2 harpies (shapeshifter) (D:14)
  17 deep elf pyromancers
  22 deep elf zephyrmancers
  A fire giant zombie (D:15)
  10 mana vipers
  39 ugly things
  An oklob plant (Lair:4)
  8 manticores
  10 will-o-the-wisps
  39 salamanders
  9 cyclopes
  2 orc sorcerers (Orc:2)
  17 moths of wrath
  A frost giant skeleton (D:15)
  11 elephants
  Joseph (D:8)
  11 naga magi
  32 black mambas
  4 guardian serpents
  An ice statue (IceCv)
  A stone giant skeleton (Vaults:2)
  14 vault sentinels
  A smoke demon (Depths:1)
  A gargoyle (D:14)
  11 cane toads
  2 torpor snails (Lair:5)
  5 large abominations (Abyss:3)
  An unseen horror (D:13)
  9 komodo dragons
  2 kobold demonologists (D:13)
  5 rime drakes
  41 yaktaurs
  7 tengu conjurers
  14 ice devils (IceCv)
  3 efreet
  4 freezing wraiths
  3 anaconda simulacra (IceCv)
  3 ancient zymes (Abyss:3)
  A meliai (D:14)
  2 bloated husks
  6 tyrant leeches
  5 trolls
  2 polar bears
  14 hornets
  13 slime creatures
  Grinder (D:5)
  Prince Ribbit (D:8)
  24 blink frogs
  6 saltlings (Orc:2)
  A raiju (shapeshifter) (D:14)
  2 dream sheep (Lair:5)
  5 air elementals
  11 spriggans
  4 shadows
  A wyvern (D:9)
  A ynoxinul (Abyss:3)
  A vampire (D:12)
  5 water elementals
  A dire elephant simulacrum (IceCv)
  3 basilisks
  2 chaos spawn (Abyss:3)
  38 yaks
  A steam dragon (Lair:2)
  Grum (D:8)
  2 neqoxecs (Abyss:3)
  5 fire elementals
  2 golden eyes (Abyss:3)
  18 vampire mosquitoes
  5 death yak simulacra (IceCv)
  A swamp worm (shapeshifter) (Vaults:5)
  An acid dragon (D:8)
  18 swamp worms
  40 nagas
  4 wargs (Orc:2)
  12 water moccasins
  A hydra simulacrum (IceCv)
  14 swamp drakes
  A floating eye (Depths:1)
  3 sky beasts
  19 orc warriors
  2 ice beasts
  2 black bears
  11 ogres
  6 centaurs
  9 wolves
  3 phantoms
  5 kobold brigands
  Blork the orc (D:6)
  5 elf zombies (Ossuary)
  9 bullfrogs
  3 earth elementals
  3 scorpions
  2 human skeletons (Vaults:2)
  A two-headed ogre simulacrum (IceCv)
  2 cane toad simulacra (IceCv)
  5 wights (D:9)
  2 small abominations (Abyss:3)
  5 elephant simulacra (IceCv)
  24 killer bees
  2 howler monkeys
  An electric eel (Lair:3)
  4 centaur zombies (Ossuary)
  6 lava snakes (Snake:4)
  3 human zombies (Ossuary)
  2 hounds
  3 jellies
  9 orc priests
  2 iguanas
  8 orc wizards
  2 troll simulacra (IceCv)
  4 polar bear simulacra (IceCv)
  A spriggan simulacrum (IceCv)
  4 wolf simulacra (IceCv)
  3 mummies (Ossuary)
  4 gnolls
  5 adders
  A shadow imp (D:6)
  A white imp (IceCv)
  3 ufetubi
  A worm (D:2)
  2 dart slugs (D:1)
  40 orcs
  9 endoplasms
  5 giant cockroaches
  10 goblins
  4 hobgoblins
  10 jackals
  4 quokkas
  5 ball pythons
  5 bats
  2 frilled lizards (D:2)
  26 kobolds
  4 rats
  18 briar patches
  12 fire vortices
  A fulminant prism (Elf:3)
  11 pillars of salt (Orc:2)
  A starspawn tentacle (Abyss:3)
1834 creatures vanquished.

Vanquished Creatures (collateral kills)
  3 golden dragons
  2 quicksilver dragons
  A storm dragon (Zot:5)
  A draconian monk (Zot:1)
  2 draconian shifters
  A draconian stormcaller (Zot:4)
  A draconian annihilator (Depths:4)
  2 green draconians
  5 purple draconians (Zot:4)
  A yellow draconian (Zot:1)
  An ice dragon (Depths:3)
  A deep troll shaman (Depths:3)
  A moth of wrath (Zot:4)
22 creatures vanquished.

Vanquished Creatures (others)
  A golden dragon (Vaults:5)
  A lich (Depths:3)
  A tengu reaver (Depths:3)
  A deep elf annihilator (Elf:3)
  A white draconian (Zot:4)
  A salamander tyrant (Snake:4)
  2 hydras
  An ironbound frostheart (Vaults:4)
  A peacekeeper (Vaults:2)
  2 dancing weapons (Elf:1)
  2 death yaks (Lair:5)
  An iron troll (Depths:1)
  A death drake (shapeshifter) (D:14)
  An elephant (Lair:5)
  A yaktaur (Vaults:1)
  An ice devil (IceCv)
  2 komodo dragons (Lair:5)
  3 trolls
  A hornet (Swamp:1)
  A yak (Lair:5)
  An orc (D:12)
  2 quokkas
  250 fire vortices
  22 foxfires
  112 fulminant prisms
  42 fungi
  2 lurking horrors (Abyss:3)
  2 pillars of salt (Orc:2)
  81 plants
  2 starspawn tentacles (Abyss:3)
  9 withered plants (D:15)
551 creatures vanquished.

Grand Total: 2407 creatures vanquished

Notes
Turn   | Place    | Note
-------+----------+-------------------------------------------
     0 | D:1      | Monkooky the Naga Conjurer began the quest for the Orb.
     0 | D:1      | Reached XP level 1. HP: 15/15 MP: 3/3
    95 | D:1      | Reached XP level 2. HP: 19/22 MP: 3/5
    98 | D:1      | Learned a level 2 spell: Searing Ray
   460 | D:1      | Reached XP level 3. HP: 28/28 MP: 3/6
   533 | D:1      | Reached skill level 5 in Conjurations
  1126 | D:2      | Found a faded altar of an unknown god.
  1136 | D:2      | Prayed at the altar of an unknown god.
  1136 | D:2      | Became a worshipper of Ru the Awakened
  1150 | D:2      | Gained mutation: You cannot study or cast Earth magic. [Ru
                  | sacrifice]
  1150 | D:2      | Gained mutation: You cannot study or cast Transmutations
                  | magic. [Ru sacrifice]
  1150 | D:2      | Gained mutation: You cannot study or cast Necromancy magic.
                  | [Ru sacrifice]
  1150 | D:2      | Reached * piety under Ru
  1300 | D:2      | Reached XP level 4. HP: 36/36 MP: 7/7
  1305 | D:2      | Learned a level 4 spell: Iskenderun's Mystic Blast
  1548 | D:2      | Reached skill level 1 in Translocations
  1661 | D:2      | Found a snail-covered altar of Cheibriados.
  1926 | D:2      | Identified a scroll of acquirement
  1927 | D:2      | Acquired a +2 barding of stealth
  2092 | D:3      | Reached XP level 5. HP: 40/42 MP: 8/8
  2581 | D:3      | Found a stormy altar of Qazlal.
  2973 | D:4      | Found a glowing silver altar of Zin.
  2973 | D:4      | Noticed an angel
  2996 | D:4      | Found a broken altar of Ashenzari.
  3038 | D:4      | Found a shimmering altar of Xom.
  3400 | D:4      | Gained mutation: You cannot study or use magical devices.
                  | [Ru sacrifice]
  3400 | D:4      | Reached ** piety under Ru
  3400 | D:4      | Reached *** piety under Ru
  3543 | D:5      | Entered Level 5 of the Dungeon
  3549 | D:5      | Noticed Grinder
  3564 | D:4      | Reached XP level 6. HP: 26/49 MP: 9/9
  3988 | D:5      | Noticed a sky beast
  3996 | D:5      | Killed a sky beast
  3997 | D:5      | Reached XP level 7. HP: 55/55 MP: 10/11
  4002 | D:5      | Learned a level 4 spell: Fulminant Prism
  4126 | D:5      | Reached skill level 1 in Hexes
  4375 | D:5      | Killed Grinder
  4598 | D:6      | Reached XP level 8. HP: 62/62 MP: 12/12
  4638 | D:6      | Found a shadowy altar of Dithmenos.
  4682 | D:6      | Reached skill level 5 in Hexes
  4809 | D:6      | Found a sand-covered staircase.
  4821 | Ossuary  | Entered an ossuary
  5265 | Ossuary  | Reached XP level 9. HP: 68/68 MP: 11/13
  5689 | D:6      | Found a sparkling altar of Nemelex Xobeh.
  5875 | D:6      | Reached skill level 1 in Fire Magic
  5879 | D:6      | Noticed Blork the orc
  5885 | D:6      | Killed Blork the orc
  6329 | D:7      | Upgraded the game from 0.30-a0-528-g8c47a4955b to
                  | 0.30-a0-534-gdc55766716
  6399 | D:7      | Found a basalt altar of Yredelemnul.
  6402 | D:7      | Found an iron altar of Okawaru.
  6424 | D:7      | Gained mutation: Potions are less effective at restoring
                  | your health. [Ru sacrifice]
  6424 | D:7      | Reached **** piety under Ru
  6951 | D:7      | Learned a level 5 spell: Fireball
  7373 | D:7      | Reached skill level 5 in Fire Magic
  7908 | D:8      | Noticed a centaur warrior
  8088 | D:8      | Killed a centaur warrior
  8089 | D:8      | Reached XP level 10. HP: 40/75 MP: 9/16
  8347 | D:8      | Noticed a two-headed ogre
  8347 | D:8      | Found a sacrificial altar of Ru.
  8354 | D:8      | Killed a two-headed ogre
  8936 | D:8      | Noticed a cyclops
  8965 | D:8      | Killed a cyclops
  9072 | D:8      | Found a white marble altar of Elyvilon.
  9109 | D:8      | Found Ocasosu's Antique Weapon Emporium.
  9202 | D:8      | Found a staircase to the Lair.
  9211 | D:8      | Noticed Prince Ribbit
  9214 | D:8      | Killed Prince Ribbit
  9265 | D:8      | Noticed Grum
  9268 | D:8      | Reached XP level 11. HP: 81/81 MP: 16/17
  9269 | D:8      | Killed Grum
  9507 | D:8      | Found a hazy altar of Hepliaklqana.
  9551 | D:8      | Noticed Joseph
  9601 | D:8      | Noticed Erica
  9605 | D:8      | Killed Erica
  9606 | D:8      | Reached skill level 5 in Spellcasting
  9974 | D:8      | Killed Joseph
 10325 | Lair:1   | Entered Level 1 of the Lair of Beasts
 10344 | Lair:1   | Noticed a boulder beetle
 10355 | Lair:1   | Killed a boulder beetle
 10356 | Lair:1   | Reached skill level 10 in Conjurations
 10558 | Lair:1   | Gained mutation: You are missing a hand. [Ru sacrifice]
 10558 | Lair:1   | Reached ***** piety under Ru
 10558 | Lair:1   | Reached ****** piety under Ru
 10764 | Lair:1   | Learned a level 6 spell: Starburst
 10973 | Lair:1   | Reached skill level 10 in Fire Magic
 11496 | Lair:2   | Noticed a six-headed hydra
 11501 | Lair:2   | Killed a six-headed hydra
 11503 | Lair:2   | Noticed a four-headed hydra
 11826 | Lair:2   | Reached XP level 12. HP: 87/88 MP: 14/21
 12435 | Lair:2   | Reached skill level 1 in Fighting
 12513 | Lair:2   | Found a staircase to the Snake Pit.
 13035 | Lair:2   | Reached skill level 5 in Fighting
 13124 | Lair:2   | Killed a four-headed hydra
 13125 | Lair:2   | Reached skill level 1 in Armour
 13954 | Lair:3   | Noticed Nessos
 14200 | Lair:3   | Killed Nessos
 14356 | Lair:3   | Identified the +2 scale mail "Romesem" {Rampage Fly rN+}
 14483 | Lair:3   | Noticed a death yak
 14485 | Lair:3   | Noticed a death yak
 14485 | Lair:3   | Noticed a death yak
 14485 | Lair:3   | Noticed a death yak
 14486 | Lair:3   | Killed a death yak
 14489 | Lair:3   | Killed a death yak
 14489 | Lair:3   | Killed a death yak
 14490 | Lair:3   | Gained mutation: You can use your snake-like lower body to
                  | constrict enemies. [Naga growth]
 14490 | Lair:3   | Reached XP level 13. HP: 91/115 MP: 4/22
 14654 | Lair:3   | Reached skill level 5 in Stealth
 14979 | Lair:3   | Found a staircase to the Swamp.
 15159 | Lair:4   | Found a staircase to the Slime Pits.
 15159 | Lair:4   | Found a viscous altar of Jiyva.
 15159 | Lair:4   | Noticed Sonja
 15161 | Lair:4   | Killed Sonja
 15162 | Lair:4   | Noticed Snorg
 15313 | Lair:4   | Found a frozen archway.
 15361 | IceCv    | Entered an ice cave
 17163 | IceCv    | Found an ancient bone altar of Kikubaaqudgha.
 17504 | Lair:4   | Killed Snorg
 18619 | Lair:5   | Entered Level 5 of the Lair of Beasts
 18727 | Lair:5   | Reached XP level 14. HP: 106/124 MP: 23/25
 19092 | Lair:5   | Learned a level 3 spell: Ozocubu's Armour
 19186 | Lair:5   | Reached skill level 1 in Ice Magic
 19436 | Lair:5   | Found a white marble altar of Elyvilon.
 19463 | Lair:5   | Reached skill level 5 in Ice Magic
 20930 | Lair:5   | Reached skill level 10 in Ice Magic
 21791 | Lair:5   | Reached XP level 15. HP: 132/132 MP: 26/28
 21799 | Lair:5   | Learned a level 7 spell: Ozocubu's Refrigeration
 22464 | D:9      | Found a shimmering blue altar of Sif Muna.
 22537 | D:9      | Identified the +1 ring mail of Perfidy {Int+3}
 23045 | D:9      | Found a burning altar of Makhleb.
 23047 | D:9      | Noticed an Executioner
 23155 | D:10     | Entered Level 10 of the Dungeon
 23374 | D:10     | Found a hide-covered altar of Uskayaw.
 23592 | D:10     | Found Juopt's General Store.
 23600 | D:10     | Bought a potion of lignification for 42 gold pieces
 23600 | D:10     | Bought a scroll of teleportation for 42 gold pieces
 24053 | D:11     | Noticed Fannar
 24056 | D:11     | Killed Fannar
 24270 | D:11     | Found Xodoen's Gadget Gallery.
 25154 | D:12     | Found a staircase to the Orcish Mines.
 26046 | Orc:1    | Entered Level 1 of the Orcish Mines
 26338 | Orc:2    | Entered Level 2 of the Orcish Mines
 26338 | Orc:2    | Found a staircase to the Elven Halls.
 26412 | Orc:2    | Noticed Donald
 26428 | Orc:2    | Killed Donald
 26429 | Orc:2    | Reached skill level 10 in Stealth
 26597 | Orc:2    | Noticed Saint Roka
 26611 | Orc:2    | Killed Saint Roka
 27585 | Orc:2    | Reached skill level 1 in Staves
 27990 | Orc:2    | Noticed an orc warlord
 28466 | Orc:2    | Killed an orc warlord
 28835 | Orc:2    | Found Hawuk's Jewellery Shoppe.
 28853 | Orc:2    | Found Ditociv's Magic Scroll Shop.
 28855 | Orc:2    | Found Daoreb's Assorted Antiques.
 28861 | Orc:2    | Bought a potion of magic for 184 gold pieces
 28865 | Orc:2    | Bought a scroll of magic mapping for 82 gold pieces
 28943 | Orc:2    | Found Lapikk's General Store.
 29074 | D:13     | Noticed Jorgrun
 29082 | D:13     | Reached skill level 5 in Staves
 29082 | D:13     | Killed Jorgrun
 29499 | D:13     | Reached XP level 16. HP: 122/125 MP: 22/29
 29522 | D:13     | Got the Book of the Curious Nightmares
 30671 | D:14     | Found a sacrificial altar of Ru.
 31227 | D:14     | You fall into a shaft and drop 1 floor!
 31227 | D:15     | Entered Level 15 of the Dungeon
 31297 | D:15     | Reached skill level 10 in Staves
 31483 | D:15     | Found a staircase to the Depths.
 31848 | D:15     | Noticed Louise
 31865 | Abyss:3  | Cast into level 3 of the Abyss (Louise)
 31909 | Abyss:3  | Noticed a bone dragon
 31924 | Abyss:3  | Noticed a bone dragon
 31984 | Abyss:3  | Noticed a bone dragon
 32045 | Abyss:3  | Noticed a tentacled starspawn
 32054 | Abyss:3  | Killed a tentacled starspawn
 32179 | Abyss:3  | Noticed a profane servitor
 32179 | Abyss:3  | Gained mutation: You are vulnerable to heat. (rF-) [a
                  | neqoxec]
 32188 | Abyss:3  | Found a corrupted altar of Lugonu.
 32190 | Abyss:3  | Noticed a tentacled starspawn
 32196 | Abyss:3  | Killed a tentacled starspawn
 32322 | Abyss:3  | Reached skill level 15 in Stealth
 32360 | Abyss:3  | Noticed a quicksilver dragon
 32373 | Abyss:3  | Gained mutation: You are frail. (-10% HP) [a neqoxec]
 32378 | Abyss:3  | Noticed a tentacled starspawn
 32393 | Abyss:3  | Noticed an ancient lich
 32448 | D:15     | Escaped the Abyss
 32458 | D:15     | Killed Louise
 33760 | Snake:1  | Entered Level 1 of the Snake Pit
 33810 | Snake:1  | Reached XP level 17. HP: 115/117 MP: 11/30
 34697 | Snake:1  | Identified the +1 helmet of the Red Stag {rElec Int-4 Dex+4
                  | Stlth+}
 35113 | Snake:1  | Reached skill level 15 in Ice Magic
 36378 | Elf:1    | Entered Level 1 of the Elven Halls
 36747 | Elf:1    | Paralysed by an air elemental for 1 turns
 37208 | Elf:1    | Learned a level 3 spell: Hailstorm
 37317 | Elf:1    | Paralysed by an air elemental for 1 turns
 37461 | Elf:1    | Found Riypaghe's Magic Scroll Shop.
 37470 | Elf:1    | Bought a scroll of blinking for 105 gold pieces
 37470 | Elf:1    | Bought a scroll of silence for 133 gold pieces
 37470 | Elf:1    | Bought a scroll of enchant armour for 105 gold pieces
 38139 | Elf:1    | Got the Directory of the Impact
 38887 | Elf:2    | Reached skill level 10 in Spellcasting
 39089 | Elf:2    | Found a runed translucent gate.
 39090 | Elf:2    | Found a runed translucent gate.
 39090 | Elf:2    | Found a runed translucent gate.
 39688 | Elf:3    | Entered Level 3 of the Elven Halls
 39691 | Elf:2    | Lost mutation: You are vulnerable to heat. (rF-) [potion of
                  | mutation]
 39691 | Elf:2    | Lost mutation: You are frail. (-10% HP) [potion of
                  | mutation]
 39691 | Elf:2    | Gained mutation: You sometimes lose your temper in combat.
                  | [potion of mutation]
 39691 | Elf:2    | Gained mutation: You are frail. (-10% HP) [potion of
                  | mutation]
 39691 | Elf:2    | Gained mutation: You are strong-willed. (Will+) [potion of
                  | mutation]
 39692 | Elf:2    | Lost mutation: You are frail. (-10% HP) [potion of
                  | mutation]
 39692 | Elf:2    | Lost mutation: You sometimes lose your temper in combat.
                  | [potion of mutation]
 39692 | Elf:2    | Gained mutation: You are robust. (+10% HP) [potion of
                  | mutation]
 39692 | Elf:2    | Gained mutation: You are agile. (Dex +4, Str/Int -1)
                  | [potion of mutation]
 40832 | Elf:3    | Reached XP level 18. HP: 161/166 MP: 20/32
 41244 | Elf:3    | Reached skill level 5 in Dodging
 41704 | Elf:3    | Identified the +3 falchion of Inference {drain, rF+ Int+3}
 41738 | Elf:3    | Noticed a deep elf blademaster
 41864 | Elf:3    | Killed a deep elf blademaster
 42204 | Elf:3    | Identified the ring "Gowila Caed" {Will+ MP-9 Dex+4 SInv}
 42281 | Elf:3    | Identified the +2 ring mail of the Game of Life {*Slow rF+
                  | Int+4 Dex+4}
 42316 | Elf:3    | Noticed a deep elf master archer
 42318 | Elf:3    | Killed a deep elf master archer
 43136 | Swamp:1  | Entered Level 1 of the Swamp
 45740 | Swamp:3  | Noticed Roxanne
 45800 | Swamp:3  | Reached XP level 19. HP: 84/162 MP: 0/33
 45819 | Swamp:3  | Found a blossoming altar of Fedhas.
 46065 | Swamp:3  | Learned a level 4 spell: Passage of Golubria
 46189 | Swamp:3  | Paralysed by a fenstrider witch for 5 turns
 46332 | Swamp:3  | Identified the +14 plate armour of Truth {*Corrode rF+
                  | SInv}
 46615 | Swamp:4  | Entered Level 4 of the Swamp
 46618 | Swamp:4  | Reached skill level 5 in Translocations
 46808 | Swamp:4  | Noticed a tentacled monstrosity
 46819 | Swamp:4  | Killed a tentacled monstrosity
 48190 | Swamp:4  | Got a decaying rune of Zot
 48622 | Snake:2  | Reached skill level 10 in Translocations
 48911 | Snake:2  | Found Socacits's Superior Scales.
 49275 | Snake:2  | Identified the +3 cloak "Wakenk" {Rampage Int+4 Dex+3}
 49315 | Snake:2  | Found Ecwiatug's Jewellery Boutique.
 49315 | Snake:2  | Found Garghiddu's Book Shoppe.
 49317 | Snake:2  | Found Gyqo Ihe's Jewellery Boutique.
 49325 | Snake:2  | Bought the Unrestrained Analects for 880 gold pieces
 49927 | Snake:3  | Learned a level 8 spell: Ignition
 50182 | Snake:4  | Entered Level 4 of the Snake Pit
 50605 | Snake:4  | Reached XP level 20. HP: 184/184 MP: 31/35
 50764 | Snake:4  | Reached skill level 15 in Fire Magic
 52398 | Snake:4  | Got a serpentine rune of Zot
 52974 | D:14     | Found a gate to the Vaults.
 53522 | Vaults:1 | Entered Level 1 of the Vaults
 55807 | Vaults:2 | Reached XP level 21. HP: 174/192 MP: 15/36
 56157 | Vaults:2 | Found a staircase to the Crypt.
 56674 | Vaults:2 | Noticed Aizul
 56678 | Vaults:2 | Killed Aizul
 59136 | Vaults:3 | Noticed Mara
 59181 | Vaults:3 | Noticed Monkooky's illusion
 59181 | Vaults:3 | Killed Mara
 59911 | Vaults:4 | Reached XP level 22. HP: 190/192 MP: 3/37
 60142 | Vaults:4 | Identified the +2 robe "Juajidgho" {rElec}
 60607 | Vaults:4 | Found a gateway to a bazaar.
 60620 | Bazaar   | Entered a bazaar
 60641 | Bazaar   | Found Biko's Distillery.
 60673 | Bazaar   | Found Wuzunk's Magic Scroll Emporium.
 60722 | Bazaar   | Found Kobon's Weapon Emporium.
 60731 | Bazaar   | Found Estry's General Store.
 60815 | Bazaar   | Bought a potion of haste for 100 gold pieces
 60815 | Bazaar   | Bought a potion of cancellation for 80 gold pieces
 60815 | Bazaar   | Bought a potion of brilliance for 40 gold pieces
 60815 | Bazaar   | Bought a potion of heal wounds for 50 gold pieces
 60815 | Bazaar   | Bought 2 potions of heal wounds for 100 gold pieces
 60815 | Bazaar   | Bought a potion of heal wounds for 50 gold pieces
 60824 | Bazaar   | Bought a scroll of teleportation for 48 gold pieces
 60824 | Bazaar   | Bought a scroll of teleportation for 48 gold pieces
 60824 | Bazaar   | Bought a scroll of teleportation for 48 gold pieces
 60824 | Bazaar   | Bought a scroll of amnesia for 64 gold pieces
 60824 | Bazaar   | Bought a scroll of immolation for 64 gold pieces
 60867 | Bazaar   | Bought a potion of brilliance for 48 gold pieces
 60867 | Bazaar   | Bought a tin of tremorstones (2/2) for 480 gold pieces
 61408 | Vaults:4 | Found Ekluehah's Book Shoppe.
 61439 | Vaults:4 | Bought a book of Annihilations for 780 gold pieces
 61456 | Vaults:4 | Found Xuekab's Armour Shop.
 61459 | Vaults:4 | Found a runed translucent door.
 61468 | Vaults:4 | Noticed Mycling's ghost (veteran DsFi)
 61594 | Vaults:4 | Found Qammuena's Book Boutique.
 62128 | Vaults:5 | Entered Level 5 of the Vaults
 62153 | Vaults:5 | Noticed an ancient lich
 62353 | Vaults:5 | Noticed a golden dragon
 62367 | Vaults:5 | Killed a golden dragon
 62371 | Vaults:5 | Reached skill level 15 in Conjurations
 62573 | Vaults:5 | Identified the ring "Kits" {rElec rC+ Will++ Str-3 Dex+3}
 62613 | Vaults:5 | Identified the ring "Zapemp" {rF+ Dex+6}
 62745 | Vaults:5 | Identified the +4 hand axe of the Apocalypse {flame, rCorr
                  | Int+6 Stlth+}
 62786 | Vaults:5 | Identified the +5 spear of Analysis {vorpal, rC+ Str+2}
 62816 | Vaults:5 | Identified the +1 leather armour "Gorieviti" {Str+3 Slay+3}
 62873 | Vaults:5 | Got a silver rune of Zot
 62887 | Vaults:5 | Identified the ring of Xamis {rPois rF+ Int+4}
 63070 | Depths:1 | Entered Level 1 of the Depths
 63157 | Depths:1 | Learned a level 9 spell: Fire Storm
 63893 | Depths:1 | Reached XP level 23. HP: 207/207 MP: 20/40
 64179 | Depths:1 | Found a one-way gate leading to the halls of Pandemonium.
 64210 | Depths:1 | Got the Incunabulum of Conjuration
 64275 | Depths:1 | Found a gateway to Hell.
 65795 | Depths:2 | Identified the +6 great mace of Indomitability {vamp, rElec
                  | Str-4 Dex+4}
 65924 | Depths:2 | Identified the +10 great mace of Vyth {freeze, Dex+2}
 65924 | Depths:2 | Noticed zishaf's ghost (veteran DjVM)
 65925 | Depths:2 | Found a transporter.
 65930 | Depths:2 | Identified the +6 giant spiked club of Danal {vorpal,
                  | Fragile rPois Int+4 Stlth+}
 65932 | Depths:2 | Found a transporter.
 66239 | Depths:2 | Identified the +5 ring mail of Noon {rN+ Slay+3}
 66526 | Depths:3 | Noticed a golden dragon
 66555 | Depths:3 | Killed a golden dragon
 66909 | Depths:3 | Found a one-way gateway to a ziggurat.
 68649 | Depths:3 | Found a one-way gate to the infinite horrors of the Abyss.
 68702 | Depths:3 | Found a white marble altar of Elyvilon.
 68920 | Depths:3 | Reached XP level 24. HP: 212/213 MP: 14/40
 69028 | Depths:4 | Entered Level 4 of the Depths
 70799 | Depths:4 | Noticed Margery
 70920 | Depths:4 | Killed Margery
 71298 | Depths:4 | Found a gate to the Realm of Zot.
 71691 | Zot:1    | Entered Level 1 of the Realm of Zot
 72009 | Zot:1    | Identified the +10 plate armour of Qazlal {Harm *Slow
                  | Regen+ Int+8}
 72270 | Zot:1    | Noticed Parghit
 74752 | Zot:3    | Upgraded the game from 0.30-a0-534-gdc55766716 to
                  | 0.30-a0-540-g0af01429fa
 74752 | Zot:3    | Upgraded the game from 0.30-a0-540-g0af01429fa to
                  | 0.30-a0-553-g7fabdf1491
 74754 | Zot:3    | Noticed Vv
 74762 | Zot:3    | Reached XP level 25. HP: 162/214 MP: 1/40
 75140 | Zot:3    | Noticed an orb of fire
 75144 | Zot:3    | Killed an orb of fire
 75408 | Zot:3    | Killed Vv
 75991 | Zot:3    | Acquired a manual of Fighting
 76601 | Zot:4    | Reached skill level 10 in Fighting
 76748 | Zot:4    | Noticed an orb of fire
 77213 | Zot:4    | Noticed a Killer Klown
 77218 | Zot:4    | Killed a Killer Klown
 77292 | Zot:4    | Noticed a Killer Klown
 77294 | Zot:4    | Killed a Killer Klown
 77597 | Zot:4    | Reached skill level 15 in Fighting
 77699 | Zot:4    | Got the Encyclopedia of Toxicity and Transposition
 78026 | Zot:4    | Gained mutation: You have hidden genetic potential. [an orb
                  | of fire]
 78028 | Zot:4    | Gained mutation: You occasionally lose the ability to read
                  | scrolls when taking damage. [an orb of fire]
 78034 | Zot:4    | Gained mutation: Your magical capacity is low. (-10% MP)
                  | [an orb of fire]
 78306 | Zot:4    | Gained mutation: You sometimes lose the ability to read
                  | scrolls when taking damage. [an orb of fire]
 78308 | Zot:4    | Killed an orb of fire
 78514 | Zot:4    | Lost mutation: You have hidden genetic potential. [potion
                  | of mutation]
 78514 | Zot:4    | Lost mutation: Your magical capacity is low. (-10% MP)
                  | [potion of mutation]
 78514 | Zot:4    | Lost mutation: You are robust. (+10% HP) [potion of
                  | mutation]
 78514 | Zot:4    | Gained mutation: You have hidden genetic potential. [potion
                  | of mutation]
 78559 | Zot:5    | Entered Level 5 of the Realm of Zot
 78775 | Zot:5    | Noticed an orb of fire
 78794 | Zot:5    | Killed an orb of fire
 78794 | Zot:5    | Killed themself with a badly aimed great blast of fire

Illustrated notes

Levels and vault maps discovered:
D:1:      dpeg_arrival_tiny_b, layout_loops_ring
D:2:      layout_loops_corners, shapermc_ecumenical_altar_totnotflames,
          basic_altar
D:3:      layout_basic, nicolae_overflow_crystal_walls
D:4:      layout_basic, zin_angel, xom_butterflies, kennysheep_little_box
D:5:      layout_layer_cave, minmay_temple_entry_antechambers, uniq_grinder
D:6:      layout_gridville, grunt_dithmenos_shadows, old_standard_altar,
          chequers_ossuary_entry_cave, dk_noncrumbling_3, uniq_blork_the_orc
D:7:      layout_layer_cave, mainiacjoe_overflow_catwalk_spiral
D:8:      minmay_diamond_stairs, layout_loops_ring, lemuel_doored_altar,
          lemuel_tele_altar, worldfamousw_hep_ancestral_shrine, serial_shops,
          nicolae_take_the_stairs, uniq_grum, uniq_joseph, uniq_prince_ribbit1,
          uniq_erica
D:9:      layout_long_grid, lemuel_round_altar, makhleb_altar_promises_db
D:10:     layout_roguey, kennysheep_mini_moat, serial_shops, shop,
          minmay_crystal_room
D:11:     layout_basic, st_stairs_4, nicolae_shop_gadgets, uniq_fannar
D:12:     layout_basic, orc_0_dummy
D:13:     layout_gridville, uniq_jorgrun
D:14:     minmay_the_grid_3x2 [minmay_the_grid_empty,
          minmay_the_grid_stretched_grid, minmay_the_grid_garden,
          minmay_the_grid_box_x, minmay_the_grid_slots,
          minmay_the_grid_prize_trominoes], layout_cave_pools, david_vaults_5,
          nicolae_ru_sacrificial_ziggurat
D:15:     gammafunk_depths_entry_grave, layout_basic, minmay_misc_feat_hallway,
          uniq_louise
Lair:1:   layout_gridlike, lemuel_fruit_tree, grunt_megastairs_1
Lair:2:   layout_big_grid, guppyfry_snake_entry_island, grunt_megastairs_2
Lair:3:   layout_roguey, minmay_swamp_entry_worms, serial_bayou_shore_a,
          uniq_nessos
Lair:4:   layout_cave_pods, minmay_slime_entry_oklob_open,
          portal_ice_cave_entry_pillars_1, uniq_snorg, uniq_sonja
Lair:5:   evilmike_catoblepas_cave, layout_cellular_growth, basic_altar,
          chequers_serial_rivers_micro_e
Swamp:1:  dpeg_oklob_gauntlet, layout_falls_marsh, evilmike_swamp_ruin_house_6
Swamp:2:  layout_falls_marsh, evilmike_swamp_ruin_house_4, st_swamp_ruins_3
Swamp:3:  layout_basic_swamp, lemuel_altar_in_water2, swamp_pool2, uniq_roxanne
Swamp:4:  swamp_basic_johnstein, layout_basic_swamp, infiniplex_staircase_pool
Snake:1:  layout_grid_maze, st_stairs_5
Snake:2:  layout_misc_corridors, hellmonk_scale_shop, grunt_megastairs_3,
          minmay_shop_grove
Snake:3:  layout_rooms, special_room
Snake:4:  minmay_snake_end_coiled, layout_basic
Orc:1:    layout_caves
Orc:2:    hellmonk_orc_salted, layout_caves, basic_altar, uniq_saint_roka,
          uniq_donald
Elf:1:    layout_loops_ring, serial_shops, nicolae_shop_waterfront,
          minmay_elf_annihilation
Elf:2:    nicolae_elf_blades_crystal_corner, layout_geoelf_diagonals,
          kilobyte_rumbling_trees, lemuel_upstairs_altar
Elf:3:    minmay_elf_hall_golems, layout_loops_corners
Vaults:1: v_alt_pattern_4, hangedman_vaults_stretched_pinwheel,
          vaults_mumra_hexcomb, hangedman_vaults_trim,
          ontoclasm_vaults_ring_small, v_misc_27,
          nicolae_vaults_network_periphery, nicolae_vaults_alarming,
          layout_vaults_omnigrid
Vaults:2: v_misc_29, st_octagons_1, nicolae_vaults_theta,
          nicolae_vaults_little_squares_1, v_misc_30, grunt_vaults_trifunnel,
          v_misc_31, nicolae_vaults_little_squares_5, v_alt_pattern_5,
          vaults_room_ringed_pool, vaults_room_hallway,
          nicolae_vaults_little_squares_5, hangedman_vaults_river_flow,
          minmay_crypt_entry_simple_round, vaults_room_hallway,
          ontoclasm_vaults_idyll, v_misc_15, nicolae_vaults_theta,
          vaults_room_semicircle, layout_vaults_omnibox, uniq_aizul
Vaults:3: st_cross, grunt_vaults_focal, hangedman_vaults_hat,
          nicolae_vaults_sealed_display, v_pattern_4,
          nicolae_vaults_ninety_degrees, vaults_dpeg_doors,
          ontoclasm_vaults_twist, vaults_mumra_lcd, v_misc_14,
          hangedman_vaults_trim, vaults_mumra_chevron,
          ontoclasm_vaults_shuriken, nicolae_vaults_little_squares_6,
          ontoclasm_vaults_decontamination, layout_vaults_omnicross, uniq_mara
Vaults:4: hellmonk_ghost_big_iron, v_misc_27, vaults_room_fours,
          vaults_dpeg_encased_lava, ontoclasm_vaults_loading_screen,
          ontoclasm_vaults_fault, vaults_dpeg_spiral, v_misc_28,
          grunt_vaults_hallway_short, ontoclasm_vaults_pinch,
          grunt_vaults_funnel, v_pattern_5, nicolae_vaults_little_squares_2,
          layout_vaults_big_room, serial_glass, serial_shops, bzr_entry_road,
          nicolae_shop_hallway_plus, shop, shop
Vaults:5: serial_shops
Depths:1: layout_cave_shapes, lightli_too_deep, rand_demon_pan_entry_8,
          statue_in_the_mist_lemuel, kennysheep_generic_room_7
Depths:2: hangedman_cross_stitches, layout_gridville, gammafunk_ghost_smash,
          pan_entry, serial_glass, glass_columns_a, glass_columns_b,
          pf_hell_entry_tar_river, serial_sigils_hangedman_shear,
          infiniplex_staircase_river
Depths:3: kennysheep_four_of_diamonds, layout_long_grid, enter_ziggurat_f,
          hell_entry, elyvilon_altar_4, hangedman_abyss_entry_splay
Depths:4: grunt_zot_entry_gee_three, layout_cave_pools, hell_entry, uniq_margery
Zot:1:    layout_basic, uniq_parghit
Zot:2:    layout_gridlike
Zot:3:    layout_gridlike, uniq_vv
Zot:4:    cheibrodos_zot_enchanting_chambers, layout_misc_corridors
Zot:5:    layout_gridlike

Skill      XL: |  1  2  3  4  5  6  7  8  9 10 11 12 13 14 15 16 17 18 19 20 21 22 23 24 25 |
---------------+----------------------------------------------------------------------------+-----
Conjurations   | 5 6 7 9 11 12 14 16 20 22 23 | 23.1
Translocations | 2 3 4 10 | 10.0
Spellcasting   | 3 4 6 7 9 10 11 13 14 | 14.2
Hexes          | 4 8 9 |  9.1
Fire Magic     | 6 8 10 11 12 14 18 21 22 23 | 23.1
Fighting       | 7 16 | 16.1
Armour         | 3 4 |  4.1
Stealth        | 8 13 16 | 16.0
Ice Magic      | 12 14 17 18 | 18.5
Staves         | 6 11 | 11.1
Dodging        | 4 6 |  6.0

Action                   |  1- 3 |  4- 6 |  7- 9 | 10-12 | 13-15 | 16-18 | 19-21 | 22-24 | 25-27 || total
-------------------------+-------+-------+-------+-------+-------+-------+-------+-------+-------++-------
Melee: Unarmed           |    13 |       |       |       |       |       |       |       |       ||    13
       Dagger            |     5 |    37 |    68 |    47 |       |       |       |       |       ||   157
       Punch             |       |     1 |     2 |       |       |       |       |       |       ||     3
       Quarterstaff      |       |       |       |     6 |       |       |       |       |       ||     6
       Staff             |       |       |       |     6 |   216 |   517 |   303 |   309 |    28 ||  1379
       Constrict         |       |       |       |       |    60 |    65 |    39 |    24 |     6 ||   194
Throw: Dart              |       |       |       |     1 |       |       |       |       |       ||     1
 Cast: Magic Dart        |    16 |    14 |     1 |       |       |     1 |       |       |       ||    32
       Searing Ray       |     7 |    19 |    26 |     3 |       |       |       |       |       ||    55
       Iskenderun's Myst |       |     1 |    14 |    12 |       |     1 |       |       |       ||    28
       Fulminant Prism   |       |       |    29 |    36 |       |    40 |     7 |     1 |       ||   113
       Fireball          |       |       |       |    43 |   153 |   107 |    29 |     3 |     1 ||   336
       Starburst         |       |       |       |    41 |   151 |    90 |    33 |    49 |    14 ||   378
       Ozocubu's Refrige |       |       |       |       |    28 |   241 |   522 |   326 |       ||  1117
       Ozocubu's Armour  |       |       |       |       |     3 |    26 |     9 |     6 |       ||    44
       Hailstorm         |       |       |       |       |       |    10 |       |       |       ||    10
       Ignition          |       |       |       |       |       |       |    42 |    48 |       ||    90
       Passage of Golubr |       |       |       |       |       |       |     3 |     3 |       ||     6
       Fire Storm        |       |       |       |       |       |       |       |   124 |   128 ||   252
Invok: Sacrifice Arcana  |     1 |       |       |       |       |       |       |       |       ||     1
       Sacrifice Artific |       |     1 |       |       |       |       |       |       |       ||     1
       Sacrifice Purity  |       |       |     1 |       |       |       |       |       |       ||     1
       Draw Out Power    |       |       |       |     2 |     3 |    12 |     2 |     6 |     3 ||    28
       Apocalypse        |       |       |       |     5 |     7 |     3 |     2 |     2 |     1 ||    20
       Sacrifice a Hand  |       |       |       |     1 |       |       |       |       |       ||     1
       Power Leap        |       |       |       |       |       |       |       |     3 |       ||     3
 Abil: Spit Poison       |    20 |    25 |    17 |    19 |     5 |    10 |       |     1 |       ||    97
  Use: Scroll            |       |     7 |     1 |     6 |    14 |    13 |     4 |     8 |     5 ||    58
       Potion            |       |       |       |     1 |     1 |     7 |       |     1 |     2 ||    12
 Stab: Sleeping          |       |       |     1 |       |     1 |     2 |     1 |     1 |       ||     6
       Paralysed         |       |       |       |       |     6 |    10 |     1 |     1 |       ||    18
       Distracted        |       |       |       |       |     1 |     2 |     1 |     4 |     1 ||     9
       Invisible         |       |       |       |       |       |     9 |     1 |     6 |       ||    16
Armor: Robe              |     7 |    26 |    64 |    43 |       |       |       |       |       ||   140
       Steam dragon scal |       |       |       |    19 |   164 |   351 |   210 |   265 |    38 ||  1047
Dodge: Dodged            |    11 |    17 |    33 |    37 |    81 |   167 |   112 |   168 |    34 ||   660
Block: Other             |       |       |       |       |    36 |       |       |       |       ||    36

Table legend: (Time is in decaauts)
 A = Elapsed time spent in this place.
 B = Non-inter-level travel time spent in this place.
 C = Inter-level travel time spent in this place.
 D = Time resting spent in this place.
 E = Time spent auto-exploring this place.
 F = Levels seen in this place.
 G = Mean time per level.
                   A        B        C        D        E       F      G
               +--------+--------+--------+--------+--------+-----+--------+
         Total |  92320 |  86545 |   5775 |  21165 |  52661 |  51 | 1810.2 |
       Dungeon |  23733 |  21738 |   1995 |   2703 |  16405 |  15 | 1582.2 |
          Lair |  11894 |  10910 |    984 |   2976 |   6559 |   5 | 2378.8 |
         Swamp |   5863 |   5631 |    232 |   1629 |   3142 |   4 | 1465.8 |
     Snake Pit |   7337 |   6978 |    359 |   1480 |   4667 |   4 | 1834.2 |
  Orcish Mines |   3675 |   3552 |    123 |   1307 |   1729 |   2 | 1837.5 |
   Elven Halls |   7258 |   6822 |    436 |   2126 |   3553 |   3 | 2419.3 |
        Vaults |  10711 |  10202 |    509 |    932 |   8003 |   5 | 2142.2 |
        Depths |   9442 |   8841 |    601 |   2924 |   4695 |   4 | 2360.5 |
           Zot |   8217 |   7686 |    531 |   3047 |   2990 |   5 | 1643.4 |
         Abyss |    670 |    670 |      0 |    148 |      0 |   1 |  670.0 |
        Bazaar |    421 |    421 |      0 |      0 |    212 |   1 |  421.0 |
       Ossuary |    730 |    730 |      0 |    474 |    148 |   1 |  730.0 |
      Ice Cave |   2364 |   2364 |      0 |   1415 |    555 |   1 | 2364.0 |
               +--------+--------+--------+--------+--------+-----+--------+

Top non-repeatable levels by time:
Depths:3: 4077 daAuts
   Elf:3: 3561 daAuts
  Lair:5: 3376 daAuts
 Snake:1: 2797 daAuts
     D:7: 2675 daAuts
 Snake:4: 2610 daAuts
   Zot:2: 2609 daAuts
Vaults:1: 2602 daAuts
   Elf:1: 2564 daAuts
Vaults:3: 2563 daAuts
Vaults:2: 2540 daAuts
     D:8: 2395 daAuts
   IceCv: 2364 daAuts
    D:12: 2316 daAuts
  Lair:2: 2234 daAuts
